 Dungeon Crawl Stone Soup version 0.29.1-13-g9f3cf754e1 (webtiles) character file.

Game seed: 11035749379288958376

511 cowcol the Chopper (level 6, 0/53 HPs)
             Began as a Minotaur Monk on Jan 30, 2023.
             Slain by an ogre
             ... wielding a +0 giant club
              (19 damage)
             ... on level 4 of the Dungeon.
             The game lasted 00:09:47 (4448 turns).

cowcol the Chopper (Minotaur Monk)                  Turns: 4448, Time: 00:09:48

Health: 0/53       AC: 12    Str: 15 (18) XL:     6   Next: 99%
Magic:  5/5        EV:  7    Int:  6 (7)  God:
Gold:   108        SH:  0    Dex: 11 (12) Spells: 5/5 levels left

rFire   . . .      SeeInvis .   a - +1 hand axe (flame)
rCold   . . .      Faith    .   (no shield)
rNeg    . . .      Spirit   .   d - +0 chain mail
rPois   .          Reflect  .   (helmet restricted)
rElec   .          Harm     .   (no cloak)
rCorr   .          Rampage  .   k - +0 pair of gloves
Will    .....                   j - +0 pair of boots
Stlth   ..........              (no amulet)
HPRegen 0.17/turn               (no ring)
MPRegen 0.09/turn               (no ring)

@: no status effects
A: horns 2, retaliatory headbutt
a: no special abilities


You were on level 4 of the Dungeon.
You visited 1 branch of the dungeon, and saw 4 of its levels.

You collected 162 gold pieces.
You spent 54 gold pieces at shops.

Inventory:

Hand Weapons
 a - a +1 hand axe of flaming (weapon)
 g - a +0 war axe
 m - a +0 falchion
Missiles
 f - 16 stones (quivered)
 i - 4 poisoned darts
Armour
 b - a +0 robe
 d - a +0 chain mail (worn)
 e - a +0 leather armour
 j - a +0 pair of boots (worn)
 k - a +0 pair of gloves (worn)
Potions
 c - a potion of ambrosia
 h - 3 potions of attraction
 o - a potion of heal wounds


   Skills:
 + Level 4.6 Fighting
 * Level 1.6 Long Blades
 + Level 6.3 Axes
 + Level 0.1 Throwing
 * Level 4.9 Armour
 + Level 4.1 Dodging
 + Level 2.0 Stealth


You had 5 spell levels left.
You didn't know any spells.
Your spell library was empty.

Dungeon Overview and Level Annotations

Branches:
Dungeon (4/15)
 Temple: D:4-7

Altars:

Shops:
D:2 ![(:(


Innate Abilities, Weirdness & Mutations

You have a pair of horns on your head.
You reflexively headbutt those who attack you in melee.


Message History

The ball python hisses angrily.
Throw: 18 stones
Press: ? - help, Q - select action, (/) - cycle Shift-Dir - straight line, f/p - ogre
Aim: an ogre, wielding a +0 giant club (lightly wounded, 73% to hit)
You throw a stone. The stone hits the ogre.
The ogre is lightly wounded.
You hit the dart slug. You burn the dart slug.
The dart slug is severely wounded.
You slash the ball python! You burn the ball python.
You kill the ball python!
The dart slug closely misses you. You furiously retaliate!
You headbutt the dart slug!
You kill the dart slug!
Throw: 17 stones
Press: ? - help, Q - select action, (/) - cycle Shift-Dir - straight line, f/p - ogre
Aim: an ogre, wielding a +0 giant club (lightly wounded, 73% to hit)
You throw a stone.
The stone hits the ogre but does no damage.
The ogre is lightly wounded.
You feel a little less mighty now.
You barely miss the ogre.
The ogre is lightly wounded.
The ogre hits you with a +0 giant club.
You barely miss the ogre.
The ogre is lightly wounded.
You hit the ogre. You burn the ogre.
The ogre is moderately wounded.
The ogre barely misses you.
You barely miss the ogre.
You headbutt the ogre, but do no damage.
The ogre is moderately wounded.
The ogre hits you with a +0 giant club!!
Ouch! That really hurt!
You barely miss the ogre.
The ogre is moderately wounded.
You hit the ogre. You burn the ogre.
You headbutt the ogre, but do no damage.
The ogre is heavily wounded.
The ogre hits you with a +0 giant club!!
You die...

..............#
#######.##.####
...............
##########.##.)###
..................
........##.#####..
#.#...............
..
#....#####.##.####
.# #.....@O.....#
#.#######.####
.... #<....
........ #.......
#.###### .#


You could see an ogre.

Vanquished Creatures
  Grinder (D:4)
  Blork the orc (D:4)
  Jessica (D:2)
  An orc wizard (D:4)
  5 gnolls
  8 adders (D:2)
  A worm (D:2)
  4 dart slugs
  9 orcs
  4 endoplasms (D:3)
  4 giant cockroaches
  3 goblins
  6 hobgoblins
  3 kobolds
  4 quokkas
  5 ball pythons
  7 bats
  6 frilled lizards
  6 rats
79 creatures vanquished.

Notes
Turn   | Place    | Note
-------+----------+-------------------------------------------
     0 | D:1      | cowcol the Minotaur Monk began the quest for the Orb.
     0 | D:1      | Reached XP level 1. HP: 19/19 MP: 0/0
    61 | D:1      | Reached skill level 4 in Axes
    61 | D:1      | Reached XP level 2. HP: 17/27 MP: 1/1
   679 | D:1      | Reached XP level 3. HP: 33/33 MP: 2/2
  1727 | D:2      | Found Luotewk's Armour Emporium.
  1733 | D:2      | Bought a +0 chain mail for 54 gold pieces
  1754 | D:2      | Found Wolahom's Book Shoppe.
  1784 | D:2      | Found Veosi's Antique Weapon Shoppe.
  1795 | D:2      | Found Baakkobo's Distillery.
  1877 | D:2      | Reached XP level 4. HP: 37/40 MP: 3/3
  1893 | D:2      | Reached skill level 1 in Armour
  1959 | D:2      | Found Modoil's Weapon Shop.
  1993 | D:2      | Reached skill level 5 in Axes
  2162 | D:2      | Reached XP level 5. HP: 47/47 MP: 4/4
  2968 | D:2      | Noticed Jessica
  2981 | D:2      | Killed Jessica
  4001 | D:4      | Noticed Grinder
  4031 | D:4      | Paralysed by Grinder for 5 turns
  4037 | D:4      | Killed Grinder
  4038 | D:4      | Reached skill level 1 in Long Blades
  4038 | D:4      | Reached skill level 6 in Axes
  4038 | D:4      | Reached XP level 6. HP: 30/53 MP: 5/5
  4175 | D:4      | Noticed Blork the orc
  4395 | D:4      | Killed Blork the orc
  4448 | D:4      | Slain by an ogre

Illustrated notes

Levels and vault maps discovered:
D:1:      dpeg_arrival_simpleton_a, layout_basic
D:2:      layout_basic, serial_shops, shop_fountains, nicolae_diamond_shop,
          shop, shop, shop, minivault_5, chequers_serial_rivers_micro_e,
          grunt_ministairs_7, uniq_jessica
D:3:      layout_basic
D:4:      layout_basic, uniq_blork_the_orc, uniq_grinder

Skill      XL: |  1  2  3  4  5 |
---------------+----------------+-----
Axes           | 4 5 6 |  6.3
Fighting       | 4 |  4.6
Dodging        | 4 |  4.1
Armour         | 2 4 |  4.9
Stealth        | 2 |  2.0
Long Blades    | 1 |  1.6
Throwing       | |  0.1

Action                   |  1- 3 |  4- 6 || total
-------------------------+-------+-------++-------
Melee: Hand axe          |    70 |   109 ||   179
       Headbutt          |     9 |    14 ||    23
       Punch             |     2 |       ||     2
Throw: Stone             |     2 |    12 ||    14
       Dart              |       |     4 ||     4
  Use: Scroll            |     2 |     7 ||     9
       Potion            |     1 |     4 ||     5
Armor: Robe              |     6 |       ||     6
       Leather armour    |    11 |       ||    11
       Chain mail        |     9 |    42 ||    51
Dodge: Dodged            |    41 |    24 ||    65
